 Dungeon Crawl Stone Soup version 0.29.1-15-g9cfb28693d (webtiles) character file.

Game seed: 16531658345980259658

5686 LustLizard the Grappler (level 10, 0/100 HPs)
             Began as a Troll Fighter on Mar 31, 2023.
             Slain by a wraith (10 damage)
             ... on level 9 of the Dungeon.
             The game lasted 00:15:36 (7543 turns).

LustLizard the Grappler (Troll Fighter)             Turns: 7543, Time: 00:15:36

Health: 0/100      AC:  6    Str: 26    XL:     10   Next: 47%
Magic:  9/9        EV:  9    Int:  8    God:
Gold:   340        SH:  9    Dex:  9    Spells: 9/9 levels left

rFire   . . .      SeeInvis .     - Unarmed
rCold   + . .      Faith    .   b - +0 kite shield
rNeg    . . .      Spirit   .   n - +1 robe {Will+}
rPois   +          Reflect  .   (helmet restricted)
rElec   .          Harm     .   D - +0 cloak
rCorr   .          Rampage  .   (gloves unavailable)
Will    +....                   (boots unavailable)
Stlth   +.........              (no amulet)
HPRegen 1.06/turn               f - ring of protection from cold
MPRegen 0.11/turn               g - ring of poison resistance

@: slowed, invisible (expiring), very slow
A: large, unfitting armour, claws 3, regeneration 1, shaggy fur 1, tough skin 1
a: no special abilities


You were on level 9 of the Dungeon.
You visited 2 branches of the dungeon, and saw 10 of its levels.
You also visited: Ossuary.

You collected 340 gold pieces.

Inventory:

Missiles
 i - 4 datura-tipped darts (quivered)
 x - 8 boomerangs
 M - 3 throwing nets
Armour
 b - a +0 kite shield (worn)
 n - a +1 robe of willpower (worn)
 B - +0 steam dragon scales
 D - a +0 cloak (worn)
 I - a +1 robe of fire resistance
Jewellery
 f - a ring of protection from cold (left claw)
 g - a ring of poison resistance (right claw)
 K - a ring of ice
 L - a ring of fire
Wands
 l - a wand of paralysis (15)
 G - a wand of polymorph (8)
 J - a wand of roots (10)
 N - a wand of flame (3)
Scrolls
 d - 3 scrolls of poison
 h - 2 scrolls of vulnerability {unknown}
 k - 2 scrolls of teleportation {unknown}
 m - 2 scrolls of enchant weapon
 o - 2 scrolls of fear {unknown}
 p - a scroll of brand weapon {unknown}
 q - 2 scrolls of immolation {unknown}
 r - 2 scrolls of magic mapping {unknown}
 t - a scroll of amnesia {unknown}
 w - a scroll of butterflies {unknown}
 y - a scroll of torment {unknown}
 E - a scroll of silence {unknown}
 O - a scroll of identify
Potions
 a - a potion of berserk rage
 c - a potion of invisibility
 e - 5 potions of curing
 j - a potion of heal wounds {unknown}
 s - 3 potions of magic
 u - 3 potions of cancellation
 v - 2 potions of brilliance
 z - 2 potions of mutation
 A - 2 potions of lignification
 C - 2 potions of haste
 H - 2 potions of attraction
Miscellaneous
 F - a phial of floods


   Skills:
 + Level 6.7 Fighting
 + Level 4.6 Dodging
 + Level 7.4 Shields
 * Level 10.9 Unarmed Combat


You had 9 spell levels left.
You didn't know any spells.
Your spell library contained the following spells:

 Spells                   Type           Power      Damage    Failure   Level
 Foxfire                  Conj/Fire      0%         2x1d4     65%         1
 Static Discharge         Conj/Air       0%         3-3/arc   80%         2
 Conjure Flame            Conj/Fire      0%         6-21      95%         3
 Dazzling Flash           Conj/Hex       0%         N/A       95%         3
 Gell's Gravitas          Tloc           0%         N/A       95%         3
 Ignite Poison            Fire/Tmut/Pois 0%         N/A       95%         3
 Inner Flame              Hex/Fire       0%         N/A       95%         3
 Mephitic Cloud           Conj/Pois/Air  0%         N/A       95%         3
 Teleport Other           Tloc           0%         N/A       95%         3
 Flame Wave               Conj/Fire      0%         2d4       100%        4
 Sticky Flame             Conj/Fire      0%         2d3       100%        4
 Agony                    Necr           0%         N/A       100%        5
 Freezing Cloud           Conj/Ice/Air   0%         6-21      100%        5
 Lightning Bolt           Conj/Air       0%         1d11      100%        5
 Silence                  Hex/Air        0%         N/A       100%        5
 Dispersal                Tloc           0%         N/A       100%        6
 Maxwell's Capacitive Co  Air            0%         ∞         100%        8


Dungeon Overview and Level Annotations

Branches:
Dungeon (9/15)             Temple (1/1) D:6         Ossuary (visited)
   Lair: D:8-11         Orc: D:9-12

Altars:
Cheibriados
Dithmenos
Elyvilon
Fedhas
Gozag
Hepliaklqana
Kikubaaqudgha
Makhleb
Nemelex Xobeh
Okawaru
Sif Muna
Trog
Vehumet
Xom
Yredelemnul
Zin
The Shining One


Innate Abilities, Weirdness & Mutations

You are too large for most types of armour.
You have claws for hands.
Your natural rate of healing is unusually fast.
You are covered in fur. (AC +1)
You have tough skin. (AC +1)


Message History

* * * LOW HITPOINT WARNING * * *
You block the centaur's attack.
Items here: ))) / †††.
You claw the centaur!
The centaur is severely wounded.
The centaur closely misses you. You block the centaur's attack.
The centaur hits you with a +0 club.
* * * LOW HITPOINT WARNING * * *
You block the centaur's attack.
Unknown command.
You feel better. The centaur barely misses you.
The centaur kicks you but does no damage.
You block the howler monkey's attack. The centaur barely misses you. x2
You feel better.
The centaur hits you but does no damage.
The centaur kicks you but does no damage.
The howler monkey completely misses you.
You block the centaur's attack.
The centaur kicks you but does no damage.
You block the howler monkey's attack.
You mangle the centaur!!
You kill the centaur!
You feel yourself speed up. The howler monkey hits you.
* * * LOW HITPOINT WARNING * * *
A steam dragon comes into view.
The howler monkey closely misses you.
The steam dragon hisses angrily.
You scratch the howler monkey.
You kill the howler monkey!
You flicker for a moment.
The steam dragon hisses angrily.
The wraith hits you.
* * * LOW HITPOINT WARNING * * *
The wraith drains your vigour!
You feel yourself slow down. You block the wraith's attack.
The wraith hits you!
* * * LOW HITPOINT WARNING * * *
Items here: $ (( )) / †.
The wraith hits you!
You die...

~~~~~~~~...~≈≈≈~......######
...........~≈≈≈~~~#...#?....
.........$.#≈≈≈≈≈≈#.........
...........# ≈≈≈≈≈##........
...........###~~~###...<....
......D....#......##..$....#
....####.).#...)..##>......#
. #))W#......##.......#
#.))@......##.......#
####................#
#.......###......#
####.....####....##
#8##...##8###....##
#...#.⌠.#...#....##
#_........:_#....##
#...##.##...#....##
##8##...##8##.....#


You could see a wraith and a steam dragon (wandering, unable to see you).

Vanquished Creatures
  Pikel (D:4)
  Psyche (D:9)
  A hornet (D:9)
  Sigmund (D:6)
  A wraith (D:9)
  4 yaks (D:8)
  2 steam dragons (D:6)
  Menkaure (D:6)
  Edmund (D:6)
  An acid dragon (D:8)
  2 water moccasins (D:7)
  4 orc warriors
  3 ice beasts
  An ogre (D:7)
  3 centaurs
  Blork the orc (D:6)
  6 bullfrogs
  A gnoll sergeant (D:9)
  A scorpion (D:4)
  2 necrophages
  3 water moccasin zombies (Ossuary)
  4 wights (D:8)
  6 howler monkeys
  2 jellies
  A crimson imp (D:5)
  2 gnoll boudas
  2 orc priests (D:8)
  5 iguanas
  2 orc wizards
  2 mummies (Ossuary)
  17 gnolls
  6 adders
  2 white imps
  An ufetubus (D:6)
  11 adder zombies (Ossuary)
  5 worms
  3 dart slugs
  11 orcs
  3 endoplasms
  4 giant cockroaches
  4 gnoll zombies (Ossuary)
  13 hobgoblins
  7 ball pythons
  4 bats
  3 frilled lizards
  9 goblins
  5 hobgoblin zombies (Ossuary)
  9 kobolds
  3 kobold zombies (Ossuary)
  4 orc zombies (Ossuary)
  10 rats
201 creatures vanquished.

Vanquished Creatures (others)
  A kobold brigand (D:9)
  A shadow imp (D:6)
  2 orcs (D:6)
  2 kobolds (D:9)
  4 fungi
  9 plants (D:9)
19 creatures vanquished.

Grand Total: 220 creatures vanquished

Notes
Turn   | Place    | Note
-------+----------+-------------------------------------------
     0 | D:1      | LustLizard the Troll Fighter began the quest for the Orb.
     0 | D:1      | Reached XP level 1. HP: 22/22 MP: 0/0
    26 | D:1      | Found a faded altar of an unknown god.
    83 | D:1      | Reached XP level 2. HP: 29/29 MP: 1/1
   914 | D:2      | Reached skill level 3 in Unarmed Combat
   914 | D:2      | Reached XP level 3. HP: 35/36 MP: 2/2
  1327 | D:2      | Reached XP level 4. HP: 44/44 MP: 3/3
  2480 | D:4      | Reached skill level 4 in Unarmed Combat
  2480 | D:4      | Reached XP level 5. HP: 53/53 MP: 4/4
  2624 | D:4      | Noticed Pikel
  2624 | D:4      | Noticed a lemure
  2624 | D:4      | Noticed a lemure
  2630 | D:4      | Noticed a lemure
  2631 | D:4      | Noticed a lemure
  2644 | D:4      | HP: 1/53 [lemure[Pikel] (3)]
  2646 | D:4      | Killed Pikel
  2647 | D:4      | Reached skill level 6 in Unarmed Combat
  2647 | D:4      | Reached XP level 6. HP: 3/62 MP: 5/5
  2647 | D:4      | Reached XP level 7. HP: 3/70 MP: 6/6
  2828 | D:4      | Found a glowing golden altar of the Shining One.
  3254 | D:5      | Entered Level 5 of the Dungeon
  3383 | D:5      | Found a sand-covered staircase.
  3418 | Ossuary  | Entered an ossuary
  3495 | Ossuary  | Reached skill level 5 in Shields
  3512 | Ossuary  | Reached XP level 8. HP: 73/79 MP: 7/7
  3538 | Ossuary  | Reached skill level 7 in Unarmed Combat
  3972 | D:5      | You fall into a shaft and drop 2 floors!
  3981 | D:7      | Found a white marble altar of Elyvilon.
  4178 | D:7      | Reached skill level 5 in Fighting
  4240 | D:6      | Noticed Edmund
  4252 | D:6      | Killed Edmund
  4253 | D:6      | Reached skill level 8 in Unarmed Combat
  4294 | D:6      | Noticed Blork the orc
  4304 | D:6      | Killed Blork the orc
  4346 | D:6      | Found a blossoming altar of Fedhas.
  4418 | D:5      | Found a shadowy altar of Dithmenos.
  4885 | D:6      | Found a glowing silver altar of Zin.
  4885 | D:6      | Found an opulent altar of Gozag.
  4931 | D:6      | Reached XP level 9. HP: 83/88 MP: 8/8
  4936 | D:6      | Found a staircase to the Ecumenical Temple.
  4942 | Temple   | Entered the Ecumenical Temple
  5026 | D:6      | Found a burning altar of Makhleb.
  5261 | D:6      | Noticed Sigmund
  5272 | D:6      | Killed Sigmund
  5273 | D:6      | Reached skill level 9 in Unarmed Combat
  5298 | D:6      | Noticed Menkaure
  5310 | D:6      | Killed Menkaure
  6309 | D:8      | Found a sparkling altar of Nemelex Xobeh.
  6459 | D:8      | Reached skill level 10 in Unarmed Combat
  6504 | D:8      | Reached XP level 10. HP: 85/96 MP: 9/9
  7312 | D:9      | Noticed Psyche
  7404 | D:9      | Killed Psyche
  7457 | D:9      | Found an ancient bone altar of Kikubaaqudgha.
  7465 | D:9      | Found a radiant altar of Vehumet.
  7468 | D:9      | Found a shimmering blue altar of Sif Muna.
  7543 | D:9      | Slain by a wraith

Illustrated notes

Levels and vault maps discovered:
D:1:      dpeg_arrival_round_a, layout_loops_corners,
          ebering_ecumenical_altar_abandoned
D:2:      layout_loops_corners, st_stairs_9
D:3:      layout_loops_ring
D:4:      layout_basic, mainiacjoe_overflow_six_doors_small,
          minmay_misc_feat_secret_circle, uniq_pikel
D:5:      layout_gridville, old_standard_altar,
          nicolae_ossuary_entry_false_entrances, dreamdust_mushroom_princess,
          minmay_fire_ice_demons
D:6:      layout_basic, grunt_temple_overflow_gold_and_silver,
          mainiacjoe_overflow_alcove_1, lightli_temple_of_fire,
          minmay_temple_entry_tees, uniq_sigmund, uniq_menkaure,
          uniq_blork_the_orc, uniq_edmund
D:7:      layout_cave_pools, mainiacjoe_overflow_catwalk
D:8:      layout_loops_ring, lemuel_crystal_altar
D:9:      kennysheep_seaside_town, layout_basic,
          grunt_temple_overflow_magic_moments, minmay_misc_feat_rows,
          chequers_serial_rivers_micro_a, uniq_psyche
Temple:   nicolae_temple_stand_before_the_council

Skill      XL: |  1  2  3  4  5  6  7  8  9 10 |
---------------+-------------------------------+-----
Shields        | 3 4 5 6 7 |  7.4
Unarmed Combat | 3 4 6 8 10 | 10.9
Fighting       | 3 4 5 6 |  6.7
Dodging        | 3 4 |  4.6

Action                   |  1- 3 |  4- 6 |  7- 9 | 10-12 || total
-------------------------+-------+-------+-------+-------++-------
Melee: Unarmed           |    92 |    86 |   320 |   126 ||   624
Throw: Boomerang         |       |       |    15 |       ||    15
Evoke: Wand              |       |       |     1 |     3 ||     4
  Use: Scroll            |       |     2 |    10 |     1 ||    13
       Potion            |       |     1 |     1 |     5 ||     7
 Stab: Paralysed         |       |       |     4 |     1 ||     5
       Invisible         |       |       |       |     1 ||     1
Armor: Robe              |    19 |    26 |    74 |    28 ||   147
Dodge: Dodged            |    26 |    29 |    81 |    58 ||   194
Block: Kite shield       |    31 |    32 |   109 |    78 ||   250
